 Dungeon Crawl Stone Soup version 0.29-a0-834-g1e95ca9f62 (webtiles) character file.

Game seed: 15929659000576357949

6355 Nato the Cleaver (level 10, 0/94 HPs)
             Began as a Minotaur Berserker on July 12, 2022.
             Was a Priest of Trog.
             Slain by a basilisk (3 damage)
             ... while petrified by a basilisk
             ... on level 7 of the Dungeon.
             The game lasted 00:25:23 (11115 turns).

Nato the Cleaver (Minotaur Berserker)              Turns: 11115, Time: 00:25:23

Health: 0/94       AC: 14    Str: 25    XL:     10   Next: 65%
Magic:  0/9        EV:  2    Int:  4    God:    Trog [***...]
Gold:   330        SH:  0    Dex: 11    Spells: 9/9 levels left

rFire   . . .      SeeInvis .   G - +0 broad axe (freeze)
rCold   . . .      Faith    .   (no shield)
rNeg    + + +      Spirit   +   J - +0 plate armour
rPois   ∞          Reflect  .   (helmet restricted)
rElec   .          Harm     .   (no cloak)
rCorr   .          Rampage  .   (no gloves)
Will    .....                   (no boots)
Stlth   ..........              A - amulet of guardian spirit
HPRegen 0.25/turn               f - ring of positive energy
MPRegen 0.11/turn               (no ring)

@: petrified, on berserk cooldown, slowed
A: horns 2, retaliatory headbutt
a: Renounce Religion, Berserk, Trog's Hand


You were on level 7 of the Dungeon.
You worshipped Trog.
Trog was most pleased with you.
You visited 1 branch of the dungeon, and saw 7 of its levels.
You also visited: Sewer and Bailey.

You collected 330 gold pieces.

Inventory:

Hand Weapons
 a - a +2 vorpal hand axe
 n - a +0 war axe
 F - a +4 hand axe
 G - a +0 broad axe of freezing (weapon)
Missiles
 b - 5 poisoned darts (quivered)
Armour
 u - the +1 leather armour of the Postmodern Nights {Int+4}
   (You found it on level 4 of the Dungeon)

   Int:       It affects your intelligence (+4).
 D - a +4 ring mail
 J - a +0 plate armour (worn)
Jewellery
 f - a ring of positive energy (left hand)
 A - an amulet of guardian spirit (around neck)
 B - an amulet of magic regeneration
Scrolls
 d - a scroll of poison
 e - a scroll of brand weapon
 i - a scroll of immolation
 k - 6 scrolls of teleportation
 l - a scroll of vulnerability {unknown}
 o - a scroll of magic mapping
 p - a scroll of blinking
 y - a scroll of amnesia {unknown}
 C - a scroll of identify
 E - 3 scrolls of fear
 H - a scroll of fog {unknown}
 I - a scroll of summoning
Potions
 c - a potion of attraction {unknown}
 g - 3 potions of curing
 h - 3 potions of flight {unknown}
 j - 3 potions of lignification
 m - 4 potions of mutation {unknown}
 q - a potion of haste {unknown}
 r - 3 potions of heal wounds
 s - a potion of berserk rage {unknown}
 t - a potion of ambrosia {unknown}
 v - 2 potions of magic {unknown}
 w - a potion of invisibility {unknown}
 x - 2 potions of cancellation {unknown}
 z - a potion of brilliance {unknown}


   Skills:
 + Level 10.4 Fighting
 + Level 10.4 Axes
 + Level 10.1 Armour
 + Level 9.2 Dodging


You had 9 spell levels left.
You didn't know any spells.
Your spell library was empty.

Dungeon Overview and Level Annotations

Branches:
Dungeon (7/15)             Temple (0/1) D:7           Sewer (visited)
 Bailey (visited)

Altars:
Ashenzari
Wu Jian
Zin

Shops:
D:4 !   D:5 :

Annotations:
D:4 3 runed translucent doors, Brotato's ghost, amateur SpBr


Innate Abilities, Weirdness & Mutations

You have a pair of horns on your head.
You reflexively headbutt those who attack you in melee.


Message History

The two-headed ogre is severely wounded.
You slice the two-headed ogre!! You freeze the two-headed ogre.
You feel the power of Trog in you as your rage grows.
You kill the two-headed ogre!
Trog accepts your kill.
Your Armour skill increases to level 10!
You are too injured to fight recklessly!
You feel a strong urge to attack something.
The basilisk bites you.
* * * LOW HITPOINT WARNING * * *
You closely miss the basilisk. You closely miss the basilisk.
You punch the basilisk.
The basilisk is lightly wounded.
You are no longer berserk.
You are exhausted.
You feel yourself slow down. The basilisk bites you!
* * * LOW HITPOINT WARNING * * *
You slash the basilisk! You freeze the basilisk.
Your headbutt misses the basilisk.
The basilisk is heavily wounded.
The basilisk bites you!
* * * LOW HITPOINT WARNING * * *
The basilisk gazes at you.
You are slowing down.
Your limbs are stiffening.
You feel better. The basilisk barely misses you. The basilisk bites you!
* * * LOW HITPOINT WARNING * * *
You have turned to stone.
The basilisk bites you!
* * * LOW HITPOINT WARNING * * *
The basilisk bites you!
* * * LOW HITPOINT WARNING * * *
The basilisk bites you but does no damage. x2
The basilisk bites you!
* * * LOW HITPOINT WARNING * * *
The basilisk gazes at you. You resist with some effort.
The basilisk bites you but does no damage.
The basilisk bites you!
You die...

######...###.)##.####.#....#..#,*
...#...###..##..#..####[##.#.##*,
..##.###..##.)###....####..#.# *,
.###.#,.##..##..#.###..####..# **
.# #.#*#..##..###.#,#....###.# .#
#.#*###..##,,#.#,#........#
.###.#,* ###..###..,#....###.#***
.....#,** **#..#####..###,..#*,,
.....#,,**** ###@....###,,,...,,*
.....#**,,,****##l.###,,,,,...***
.....# *,*lu.....###,,,,,,....*
#....#**,,J######*,,,,,,,,,,,,**
##...#,,*******,,,,,,,,,,***,,,**
##..#,** ***,,,,*,,,,,,,* **,,,*
##.#,****,,,,,,*,,,,,,,* **,,,
*,****,,,,,,,,,,,<,,,,* **,,
*,,,,,,******,,,,,,,,,** **,


You could see a basilisk.

Vanquished Creatures
  2 vault guards (Bailey)
  2 two-headed ogres (D:7)
  An ugly thing (D:7)
  Prince Ribbit (Bailey)
  A slime creature (D:7)
  5 humans (Bailey)
  5 water moccasins
  An orc warrior (Bailey)
  2 sky beasts (D:7)
  An ogre (D:3)
  A phantom (D:5)
  Blork the orc (D:5)
  10 bullfrogs
  A necrophage (D:6)
  A scorpion (D:5)
  3 wights (D:6)
  A jelly (D:6)
  2 orc priests
  2 hounds
  2 gnoll boudas
  An iguana (D:7)
  A hell rat (Sewer)
  17 gnolls
  6 adders
  2 shadow imps
  2 white imps (D:7)
  2 ufetubi
  2 worms
  6 dart slugs
  18 orcs
  8 endoplasms
  3 giant cockroaches
  16 hobgoblins
  4 jackals (D:2)
  3 kobolds
  4 quokkas
  7 ball pythons
  6 bats
  A frilled lizard (D:1)
  18 goblins
  9 rats
181 creatures vanquished.

Notes
Turn   | Place    | Note
-------+----------+-------------------------------------------
     0 | D:1      | Nato the Minotaur Berserker began the quest for the Orb.
     0 | D:1      | Reached XP level 1. HP: 19/19 MP: 0/0
   412 | D:1      | Reached XP level 2. HP: 27/27 MP: 1/1
  1297 | D:2      | Reached XP level 3. HP: 33/33 MP: 2/2
  1650 | D:2      | Reached ** piety under Trog
  2261 | D:2      | Found a faded altar of an unknown god.
  2401 | D:2      | Reached XP level 4. HP: 41/41 MP: 3/3
  3248 | D:3      | Found a broken altar of Ashenzari.
  3249 | D:3      | Found an ornate altar of the Wu Jian Council.
  3278 | D:3      | Noticed an ogre
  3285 | D:3      | Killed an ogre
  3286 | D:3      | Reached XP level 5. HP: 26/47 MP: 4/4
  3680 | D:3      | Reached skill level 5 in Axes
  3719 | D:3      | Reached skill level 5 in Fighting
  4116 | D:4      | Identified the +1 leather armour of the Postmodern Nights
                  | {Int+4}
  4153 | D:4      | Found a runed translucent gate.
  4154 | D:4      | Found a runed translucent gate.
  4154 | D:4      | Identified the +6 hand axe of the Land of Plenty {freeze,
                  | Str+2}
  4154 | D:4      | Noticed Brotato's ghost (amateur SpBr)
  4155 | D:4      | Found a runed translucent gate.
  4387 | D:4      | Reached XP level 6. HP: 56/56 MP: 5/5
  4543 | D:4      | Reached *** piety under Trog
  4714 | D:4      | Found a glowing silver altar of Zin.
  4759 | D:4      | Noticed a water moccasin
  4765 | D:4      | Killed a water moccasin
  4868 | D:4      | Found Fioryn's Distillery.
  5175 | D:5      | Entered Level 5 of the Dungeon
  5223 | D:5      | Found a glowing drain.
  5228 | Sewer    | Entered a sewer
  5594 | D:5      | Reached skill level 5 in Armour
  5684 | D:5      | Reached XP level 7. HP: 62/62 MP: 6/6
  5746 | D:5      | Noticed Blork the orc
  5752 | D:5      | Killed Blork the orc
  5965 | D:5      | Found Memigock's Book Shop.
  6347 | D:5      | Reached skill level 5 in Dodging
  6960 | D:6      | Reached XP level 8. HP: 58/71 MP: 5/7
  8962 | D:7      | Found a flagged portal.
  9026 | Bailey   | Entered a bailey
  9068 | Bailey   | Reached XP level 9. HP: 45/81 MP: 3/8
  9665 | Bailey   | Noticed Prince Ribbit
  9665 | Bailey   | Noticed a vault guard
  9684 | Bailey   | Killed Prince Ribbit
  9735 | Bailey   | Killed a vault guard
  9826 | Bailey   | Noticed a vault guard
  9840 | Bailey   | Killed a vault guard
  9841 | Bailey   | Reached XP level 10. HP: 57/91 MP: 5/9
 10756 | D:7      | Found a staircase to the Ecumenical Temple.
 11017 | D:7      | Noticed a two-headed ogre
 11029 | D:7      | Killed a two-headed ogre
 11030 | D:7      | Reached skill level 10 in Fighting
 11030 | D:7      | Reached skill level 10 in Axes
 11080 | D:7      | Noticed a red ugly thing
 11091 | D:7      | Killed a red ugly thing
 11098 | D:7      | Noticed a two-headed ogre
 11101 | D:7      | Killed a two-headed ogre
 11102 | D:7      | Reached skill level 10 in Armour
 11112 | D:7      | HP: 2/94 [basilisk (5)]
 11115 | D:7      | Slain by a basilisk

Illustrated notes

Levels and vault maps discovered:
D:1:      nicolae_arrival_somewhat_less_tricky_arrival, layout_loops_corners
D:2:      layout_rooms, ebering_ecumenical_altar_abandoned,
          minmay_misc_feat_four_crosses
D:3:      layout_basic, gammafunk_temple_overflow_pools
D:4:      layout_loops_ring, lemuel_round_altar, serial_shops,
          nicolae_shop_trees, biasface_ghost_orc_armoury
D:5:      layout_basic, portal_sewer_entry_e, serial_shops, nicolae_shop_trees,
          uniq_blork_the_orc
D:6:      layout_layer_cave
D:7:      minmay_the_grid_triangle_9x9_rhombus_thin
          [minmay_the_grid_triangle_9x9_stretched_checkered,
          minmay_the_grid_triangle_9x9_prize_center,
          minmay_the_grid_triangle_9x9_alien,
          minmay_the_grid_triangle_9x9_intruding_spiral], layout_layer_cave,
          minmay_temple_entry_glassed_door, enter_bailey_5,
          hangedman_decor_slide_cut

Skill      XL: |  1  2  3  4  5  6  7  8  9 10 |
---------------+-------------------------------+-----
Fighting       | 4 5 6 8 9 10 | 10.4
Axes           | 4 5 6 8 9 10 | 10.4
Armour         | 3 4 5 6 7 9 10 | 10.1
Dodging        | 3 4 5 6 8 9 |  9.2

Action                   |  1- 3 |  4- 6 |  7- 9 | 10-12 || total
-------------------------+-------+-------+-------+-------++-------
Melee: Hand axe          |    85 |   112 |   184 |       ||   381
       Headbutt          |     9 |    19 |    24 |     4 ||    56
       Punch             |     1 |     2 |     6 |     1 ||    10
       Broad axe         |       |       |    13 |    42 ||    55
Invok: Berserk           |     2 |     8 |    13 |     3 ||    26
       Trog's Hand       |       |       |     1 |       ||     1
  Use: Scroll            |       |       |     4 |     7 ||    11
       Potion            |       |       |     4 |     2 ||     6
 Stab: Sleeping          |       |     2 |       |       ||     2
Armor: Animal skin       |    12 |    15 |       |       ||    27
       Leather armour    |       |     3 |     7 |       ||    10
       Chain mail        |       |       |    50 |       ||    50
       Skin              |       |       |    62 |    37 ||    99
       Plate armour      |       |       |       |    18 ||    18
Dodge: Dodged            |    39 |    68 |    80 |    14 ||   201

Table legend: (Time is in decaauts)
 A = Elapsed time spent in this place.
 B = Non-inter-level travel time spent in this place.
 C = Inter-level travel time spent in this place.
 D = Time resting spent in this place.
 E = Time spent auto-exploring this place.
 F = Levels seen in this place.
 G = Mean time per level.
                   A        B        C        D        E       F      G
               +--------+--------+--------+--------+--------+-----+--------+
         Total |  11375 |  11007 |    368 |   4752 |   5036 |   9 | 1263.9 |
       Dungeon |   9924 |   9556 |    368 |   3673 |   4925 |   7 | 1417.7 |
         Sewer |    344 |    344 |      0 |    263 |     33 |   1 |  344.0 |
        Bailey |   1106 |   1106 |      0 |    815 |     77 |   1 | 1106.0 |
               +--------+--------+--------+--------+--------+-----+--------+

Top non-repeatable levels by time:
     D:6: 2347 daAuts
     D:2: 1587 daAuts
     D:3: 1306 daAuts
     D:7: 1294 daAuts
     D:1: 1287 daAuts
  Bailey: 1106 daAuts
     D:4: 1089 daAuts
     D:5: 1012 daAuts
   Sewer: 344 daAuts
